 Dungeon Sprint DCSS version 0.30.1-11-g7821555f0a (webtiles) character file.

Game seed: 15452006718930239722

672 Groucho the Magician (level 7, -29/60 HPs)
             Began as a Gnoll Warper on Jan 1, 2024.
             Was a Believer of Cheibriados.
             Annihilated by a boulder beetle (42 damage)
             ... in the Dungeon (Sprint IX: "|||||||||||||||||||||||||||||").
             The game lasted 00:02:10 (586 turns).

Groucho the Magician (Gnoll Warper)                  Turns: 586, Time: 00:02:10

Health: -29/60     AC: 12    Str: 14    XL:     7   Next: 59%
Magic:  18/18      EV: 14    Int: 18    God:    Cheibriados [**....]
Gold:   0          SH:  0    Dex: 16    Spells: 21/21 levels left

rFire   . . .        l - +2 rapier (distort)
rCold   . . .        (no shield)
rNeg    . . .        n - +1 scale mail
rPois   .            (no helmet)
rElec   .            (no cloak)
rCorr   .            (no gloves)
SInv    .            o - +0 pair of boots
Will    .....        (no amulet)
Stlth   ++           b - +2 ring of protection
HPRegen 0.30/turn    p - +2 ring of evasion
MPRegen 0.16/turn

%: no teleportation
@: very slow
A: fangs 1, strong nose, distributed training
a: Renounce Religion, Bend Time


You were in the Dungeon.
You worshipped Cheibriados.
Cheibriados was pleased with you.
You visited 1 branch

Inventory:

Hand Weapons
 a - a +0 hand axe
 k - a +2 halberd of venom
 l - a +2 rapier of distortion (weapon)
 m - a +2 scimitar of holy wrath
Missiles
 d - 7 boomerangs of dispersal (quivered)
Armour
 n - a +1 scale mail (worn)
 o - a +0 pair of boots (worn)
Jewellery
 b - a +2 ring of protection (left hand)
 p - a +2 ring of evasion (right hand)
Wands
 j - a wand of acid (10)
Scrolls
 c - 2 scrolls of blinking
 i - 2 scrolls of amnesia
Potions
 f - a potion of heal wounds
 g - 4 potions of curing
 h - 4 potions of magic


   Skills:
 + Level 7.5 Fighting
 + Level 5.9 Short Blades
 + Level 5.9 Long Blades
 + Level 7.5 Axes
 + Level 5.9 Maces & Flails
 + Level 5.9 Polearms
 + Level 5.9 Staves
 + Level 5.9 Ranged Weapons
 + Level 6.5 Throwing
 + Level 6.5 Armour
 + Level 7.5 Dodging
 + Level 5.9 Stealth
 + Level 5.9 Shields
 + Level 5.9 Unarmed Combat
 + Level 7.8 Spellcasting
 + Level 4.9 Conjurations
 + Level 4.9 Hexes
 + Level 4.9 Summonings
 + Level 4.9 Necromancy
 + Level 7.4 Translocations
 + Level 4.9 Transmutations
 + Level 4.9 Fire Magic
 + Level 4.9 Ice Magic
 + Level 4.9 Air Magic
 + Level 4.9 Earth Magic
 + Level 4.9 Poison Magic
 + Level 6.5 Invocations
 + Level 5.9 Evocations


You had 21 spell levels left.
You didn't know any spells.
Your spell library contained the following spells:

 Spells                   Type           Power      Damage    Failure   Level
 Blink                    Tloc           66%        N/A       2%          2
 Lesser Beckoning         Tloc           66%        N/A       2%          2
 Teleport Other           Tloc           33%        N/A       5%          3
 Vhi's Electric Charge    Tloc/Air       58%        N/A       9%          3
 Manifold Assault         Tloc           33%        N/A       17%         4


Dungeon Overview and Level Annotations

Branches:
Dungeon (1/1)

Altars:
Cheibriados
Dithmenos
Elyvilon
Fedhas
Gozag
Hepliaklqana
Kikubaaqudgha
Makhleb
Nemelex Xobeh
Okawaru
Qazlal
Ru
Sif Muna
Trog
Uskayaw
Vehumet
Wu Jian
Xom
Yredelemnul
Zin
The Shining One
Jiyva
Lugonu


Innate Abilities, Weirdness & Mutations

You have very sharp teeth.
Your uncanny sense of smell can sniff out nearby items.
Your experience applies equally to all skills.


Message History

You puncture the howler monkey!
The howler monkey is devoured by a tear in reality.
Something hits you.
Deactivating autopickup; reactivate with Ctrl-A.
Unknown command.
Unknown command.
Unknown command.
Unknown command.
Unknown command.
Okay, then.
You barely miss something. Something hits you but does no damage.
The four-headed hydra bites you. The four-headed hydra bites you! x2
The four-headed hydra barely misses you.
Something hits you.
Unknown command.
Unknown command.
Okay, then.
Blink to where?
Press: ? - help, Dir - move target
As you read the scroll of blinking, it crumbles to dust.
The boulder beetle bites you.
Unknown command.
Unknown command.
Unknown command.
The boulder beetle attacks as you move away!
The boulder beetle misses you. The boulder beetle bites you!
* * * LOW HITPOINT WARNING * * *
There is an open door to the Dungeon, spattered with blood here.
Items here: )) [[ †.
Unknown command.
The boulder beetle attacks as you move away!
The boulder beetle bites you.
* * * LOW HITPOINT WARNING * * *
Unknown command.
The boulder beetle curls into a ball and begins rolling!
Things that are here:
a +4 great sword; a +0 robe The boulder beetle hits you!!!
Ouch! That really hurt!
You die...

▓.▓
▓.▓
∆
▓.▓
▓.▓
∆
▓D▓
∆
▓°▓
∆
▓○▓
∆
▓B▓
▓@▓
▓[▓
▓.▓
▓.▓
▓)▓
▓.▓
▓.▓
▓'▓
▓_▓


You could see a boulder beetle (rolling) and a four-headed hydra.

Vanquished Creatures
  A wyvern (D)
  An orc warrior (D)
  A wight (D)
  2 iguanas (D)
  An orc wizard (D)
  2 adders (D)
  A white imp (D)
  A ball python (D)
  3 hobgoblins (D)
  A frilled lizard (D)
14 creatures vanquished.

Notes
Turn   | Place    | Note
-------+----------+-------------------------------------------
     0 | D        | Groucho the Gnoll Warper began the quest for the Orb.
     0 | D        | Reached XP level 1. HP: 20/20 MP: 6/6
    10 | D        | Reached skill level 5 in Spellcasting
    13 | D        | Reached skill level 1 in Invocations
    20 | D        | Reached skill level 1 in Short Blades
    20 | D        | Reached skill level 1 in Long Blades
    20 | D        | Reached skill level 1 in Maces & Flails
    20 | D        | Reached skill level 1 in Polearms
    20 | D        | Reached skill level 1 in Staves
    20 | D        | Reached skill level 1 in Ranged Weapons
    20 | D        | Reached skill level 1 in Stealth
    20 | D        | Reached skill level 1 in Shields
    20 | D        | Reached skill level 1 in Unarmed Combat
    20 | D        | Reached skill level 1 in Evocations
    24 | D        | Noticed an iguana
    24 | D        | Noticed an iguana
    32 | D        | Killed an iguana
    33 | D        | Reached skill level 5 in Fighting
    33 | D        | Reached skill level 5 in Axes
    33 | D        | Reached skill level 5 in Dodging
    33 | D        | Reached skill level 1 in Conjurations
    33 | D        | Reached skill level 1 in Hexes
    33 | D        | Reached skill level 1 in Summonings
    33 | D        | Reached skill level 1 in Necromancy
    33 | D        | Reached skill level 1 in Transmutations
    33 | D        | Reached skill level 1 in Fire Magic
    33 | D        | Reached skill level 1 in Ice Magic
    33 | D        | Reached skill level 1 in Air Magic
    33 | D        | Reached skill level 1 in Earth Magic
    33 | D        | Reached skill level 1 in Poison Magic
    33 | D        | Reached XP level 2. HP: 27/27 MP: 8/8
    33 | D        | Reached XP level 3. HP: 33/33 MP: 9/9
    43 | D        | Reached XP level 4. HP: 29/39 MP: 9/11
   459 | D        | Found a snail-covered altar of Cheibriados.
   459 | D        | Found a shadowy altar of Dithmenos.
   459 | D        | Found a white marble altar of Elyvilon.
   459 | D        | Found a blossoming altar of Fedhas.
   459 | D        | Found an opulent altar of Gozag.
   460 | D        | Found a hazy altar of Hepliaklqana.
   461 | D        | Found a viscous altar of Jiyva.
   462 | D        | Found an ancient bone altar of Kikubaaqudgha.
   463 | D        | Became a worshipper of Cheibriados the Contemplative
   464 | D        | Found a corrupted altar of Lugonu.
   465 | D        | Found a burning altar of Makhleb.
   466 | D        | Found a sparkling altar of Nemelex Xobeh.
   467 | D        | Found an iron altar of Okawaru.
   468 | D        | Found a stormy altar of Qazlal.
   469 | D        | Found a sacrificial altar of Ru.
   470 | D        | Found a shimmering blue altar of Sif Muna.
   471 | D        | Found a bloodstained altar of Trog.
   472 | D        | Found a hide-covered altar of Uskayaw.
   473 | D        | Found a radiant altar of Vehumet.
   474 | D        | Found an ornate altar of the Wu Jian Council.
   475 | D        | Found a shimmering altar of Xom.
   476 | D        | Found a basalt altar of Yredelemnul.
   477 | D        | Found a glowing silver altar of Zin.
   478 | D        | Found a glowing golden altar of the Shining One.
   536 | D        | Noticed an orc warrior
   536 | D        | Noticed an orc warrior
   536 | D        | Noticed a wyvern
   536 | D        | Noticed a wyvern
   545 | D        | Killed a wyvern
   546 | D        | Reached skill level 5 in Throwing
   546 | D        | Reached skill level 5 in Armour
   546 | D        | Reached XP level 5. HP: 46/46 MP: 12/14
   546 | D        | Reached XP level 6. HP: 52/52 MP: 12/15
   548 | D        | Banished a wyvern
   549 | D        | Reached skill level 5 in Short Blades
   549 | D        | Reached skill level 5 in Long Blades
   549 | D        | Reached skill level 5 in Maces & Flails
   549 | D        | Reached skill level 5 in Polearms
   549 | D        | Reached skill level 5 in Staves
   549 | D        | Reached skill level 5 in Ranged Weapons
   549 | D        | Reached skill level 5 in Stealth
   549 | D        | Reached skill level 5 in Shields
   549 | D        | Reached skill level 5 in Unarmed Combat
   549 | D        | Reached skill level 5 in Invocations
   549 | D        | Reached skill level 5 in Evocations
   554 | D        | Killed an orc warrior
   554 | D        | Reached * piety under Cheibriados
   555 | D        | Reached XP level 7. HP: 51/60 MP: 13/17
   565 | D        | Reached ** piety under Cheibriados
   575 | D        | Noticed a wraith
   575 | D        | Noticed a tengu warrior
   575 | D        | Noticed a boulder beetle
   575 | D        | Noticed a four-headed hydra
   586 | D        | Annihilated by a boulder beetle

Illustrated notes

Levels and vault maps discovered:
D:        linesprint [early_d, line_temple, items_1, d_10, items_2, lair_1,
          lair_end, items_3, orc_1, orc_end, items_4, d_15, swamp_1, shoals_1,
          snake_1, spider_1, d_20, vaults_1, items_5, swamp_end, shoals_end,
          snake_end, spider_end, vaults_end, d_27, items_6, zot_1, zot_end,
          crypt_end, forest_end, elf_end, slime_end, tomb_end, abyss_end,
          pan_hell_end]

Skill      XL: |  1  2  3  4  5  6  7 |
---------------+----------------------+-----
Spellcasting   | 5 6 7 |  7.8
Invocations    | 2 4 5 6 |  6.5
Short Blades   | 2 4 5 |  5.9
Long Blades    | 2 4 5 |  5.9
Maces & Flails | 2 4 5 |  5.9
Polearms       | 2 4 5 |  5.9
Staves         | 2 4 5 |  5.9
Ranged Weapons | 2 4 5 |  5.9
Stealth        | 2 4 5 |  5.9
Shields        | 2 4 5 |  5.9
Unarmed Combat | 2 4 5 |  5.9
Evocations     | 2 4 5 |  5.9
Fighting       | 5 6 7 |  7.5
Axes           | 5 6 7 |  7.5
Throwing       | 3 5 6 |  6.5
Armour         | 3 5 6 |  6.5
Dodging        | 5 6 7 |  7.5
Conjurations   | 1 2 3 4 |  4.9
Hexes          | 1 2 3 4 |  4.9
Summonings     | 1 2 3 4 |  4.9
Necromancy     | 1 2 3 4 |  4.9
Transmutations | 1 2 3 4 |  4.9
Fire Magic     | 1 2 3 4 |  4.9
Ice Magic      | 1 2 3 4 |  4.9
Air Magic      | 1 2 3 4 |  4.9
Earth Magic    | 1 2 3 4 |  4.9
Poison Magic   | 1 2 3 4 |  4.9
Translocations | 6 7 |  7.4

Action                     |  1- 3 |  4- 6 |  7- 9 || total
---------------------------+-------+-------+-------++-------
  Melee: Hand axe          |    29 |    13 |       ||    42
         Bite              |     3 |       |     2 ||     5
         Rapier            |       |    13 |    15 ||    28
         Scimitar          |       |     2 |       ||     2
         Punch             |       |       |     1 ||     1
    Use: Potion            |     2 |     4 |       ||     6
         Scroll            |       |       |     1 ||     1
   Stab: Invisible         |       |     2 |     3 ||     5
         Sleeping          |       |       |     1 ||     1
 Armour: Leather armour    |     1 |       |       ||     1
         Scale mail        |       |     5 |     4 ||     9
  Dodge: Dodged            |    11 |    24 |     5 ||    40
